 Dungeon Crawl Stone Soup version 0.21-a0-404-g291f19a (webtiles) character file.

712 4thArraOfDagon the Skirmisher (level 7, -10/44 HPs)
             Began as a Deep Elf Chaos Knight on Oct 26, 2017.
             Mangled by an orc wizard
             ... wielding a +3 dagger of chaos
              (14 damage)
             ... on level 4 of the Dungeon.
             The game lasted 00:11:49 (3113 turns).

4thArraOfDagon the Skirmisher (DECK)                Turns: 3113, Time: 00:11:50

Health: -10/44     AC:  5    Str:  8 (9)  XL:     7   Next: 41%
Magic:  9/9        EV: 11    Int: 18 (19) God:    Xom [.....*]
Gold:   157        SH:  0    Dex: 13 (14) Spells: 6/6 levels left

rFire    . . .     SeeInvis .   a - +0 short sword (chaos)
rCold    + . .     Gourm    .   (no shield)
rNeg     . . .     Faith    .   k - +0 ring mail
rPois    .         Spirit   .   (no helmet)
rElec    .         Reflect  .   (no cloak)
rCorr    .         Harm     .   (no gloves)
MR       +....                  (no boots)
Stlth    +.........             (no amulet)
HPRegen  0.14/turn              g - ring of protection from magic
MPRegen  0.11/turn              i - ring of protection from cold

@: no status effects
A: blurry vision 1
a: Renounce Religion


You were on level 4 of the Dungeon.
You worshipped Xom.
You were Xom's teddy bear.
You were not hungry.

You visited 1 branch of the dungeon, and saw 4 of its levels.

You collected 157 gold pieces.

Inventory:

Hand Weapons
 a - a +0 short sword of chaos (weapon)
Armour
 b - a +2 leather armour
 e - a +0 plate armour
 k - a +0 ring mail (worn)
Jewellery
 g - a ring of protection from magic (left hand)
 i - a ring of protection from cold (right hand)
Scrolls
 n - a scroll of enchant armour {unknown}
 r - a scroll of remove curse {unknown}
 t - a scroll of noise {unknown}
Potions
 o - 2 potions of flight
Comestibles
 c - a bread ration
 d - 4 fruits
 f - a royal jelly
 h - a meat ration
 s - 3 chunks of flesh


   Skills:
 + Level 5.3 Fighting
 - Level 4.0 Short Blades
 - Level 3.4 Armour
 - Level 4.4 Dodging


You had 6 spell levels left.
You didn't know any spells.

Dungeon Overview and Level Annotations

Branches:
Dungeon (4/15)
 Temple: D:4-7

Altars:
Xom

Annotations:
D:4 Edmund


Innate Abilities, Weirdness & Mutations

Scrolls take you a little longer to read.


Message History

You are now Xom's teddy bear.
You hit the orc wizard but do no damage.
The orc wizard is moderately wounded.
The orc wizard hits you with a dagger of chaos.
You hit the orc wizard but do no damage.
The orc wizard is moderately wounded.
The orc wizard gestures at you while chanting.
The magic dart hits you!
* * * LOW HITPOINT WARNING * * *
You hit the orc wizard.
The orc wizard is poisoned.
The orc wizard is heavily wounded.
The orc wizard hits you with a dagger of chaos.
* * * LOW HITPOINT WARNING * * *
You barely miss the orc wizard.
The orc wizard is severely wounded.
The orc wizard hits you with a dagger of chaos.
* * * LOW HITPOINT WARNING * * *
You are electrocuted!
You die...
Xom laughs nastily!

#.......oo
#......o #....?
####''####
#..o[....#
#........#
#..o♣♣♣..#
#..♣o.♣..#
#..♣.@♣..# #
#..♣♣♣)..# #.
#........# #..
#........#.. .
#..#####''####.$..
#.....h.ho###.....
#.................
#.................
#.................


You could see an orc wizard and an orc.

Vanquished Creatures
  Grinder (D:4)
  The ghost of zodiak12 the Ruffian, an amateur DrTm of Qazlal (D:3)
  An ogre (D:4)
  A scorpion (D:4)
  A howler monkey (D:4)
  A hound (D:4)
  4 gnolls
  8 adders
  A shadow imp (D:3)
  2 worms
  2 dart slugs (D:1)
  4 leopard geckos
  2 orcs (D:4)
  7 bats
  3 giant cockroaches
  7 goblins
  15 hobgoblins
  2 jackals (D:1)
  6 ball pythons
  6 frilled lizards
  6 kobolds
  4 rats
85 creatures vanquished.

Vanquished Creatures (collateral kills)
  A hobgoblin (D:3)
  A goblin (D:3)
2 creatures vanquished.

Vanquished Creatures (others)
  A gnoll (D:3)
1 creature vanquished.

Grand Total: 88 creatures vanquished

Notes
Turn   | Place    | Note
-------+----------+-------------------------------------------
     0 | D:1      | 4thArraOfDagon the Deep Elf Chaos Knight began the quest for the Orb.
     0 | D:1      | Reached XP level 1. HP: 13/13 MP: 3/3
     0 | D:1      | deck
   109 | D:1      | Reached skill level 1 in Armour
   116 | D:1      | Reached XP level 2. HP: 6/18 MP: 4/4
   356 | D:1      | XOM: noise
   495 | D:1      | XOM: polymorph bat -> giant cockroach
   537 | D:1      | Reached XP level 3. HP: 17/22 MP: 5/5
   625 | D:1      | XOM: smoke on damage
  1115 | D:2      | HP: 1/22 [adder (2)]
  1132 | D:2      | XOM: noise
  1219 | D:2      | Reached XP level 4. HP: 7/27 MP: 6/6
  1276 | D:2      | XOM: medium Chrm miscast
  1333 | D:2      | XOM: noise
  1415 | D:2      | XOM: enchant monster (bad)
  1692 | D:2      | XOM: scenery: create altars
  1734 | D:2      | XOM: scenery: 1 doors close
  2029 | D:3      | Reached skill level 3 in Fighting
  2029 | D:3      | XOM: enchant monster (good)
  2055 | D:3      | Noticed zodiak12's ghost (amateur DrTm)
  2057 | D:3      | XOM: summons 2 friendly demons
  2068 | D:3      | XOM: scenery: create altars
  2086 | D:3      | XOM: fog
  2094 | D:3      | XOM: confuse monster(s)
  2102 | D:3      | XOM: fog
  2104 | D:3      | XOM: repel stairs
  2116 | D:3      | XOM: 2-stop teleportation journey
  2130 | D:3      | XOM: give mutation
  2130 | D:3      | Gained mutation: Scrolls take you a little longer to read. [Xom's mischief]
  2162 | D:3      | XOM: 5-stop teleportation journey
  2171 | D:3      | Reached XP level 5. HP: 28/32 MP: 7/7
  2202 | D:3      | XOM: confusion (+ monsters)
  2230 | D:3      | XOM: summons friendly white imp
  2236 | D:3      | XOM: confuse monster(s)
  2238 | D:3      | XOM: cast spell 'Cause Fear'
  2275 | D:3      | Killed zodiak12's ghost
  2275 | D:3      | Reached XP level 6. HP: 22/37 MP: 8/8
  2387 | D:3      | XOM: medium Tloc miscast
  2715 | D:4      | Reached skill level 4 in Fighting
  2729 | D:4      | XOM: confuse monster(s)
  2741 | D:4      | XOM: blink monster(s)
  2874 | D:4      | Noticed Edmund
  2896 | D:4      | Noticed Grinder
  2947 | D:4      | Killed Grinder
  2947 | D:4      | Reached skill level 5 in Fighting
  2947 | D:4      | Reached XP level 7. HP: 7/44 MP: 9/9
  3109 | D:4      | XOM: chaos upgrade
  3113 | D:4      | Mangled by an orc wizard

Vault maps used:
D:1:      dpeg_arrival_orchard
D:2:      minmay_shallow_snake_nest
D:4:      first_bread, grunt_ministairs_14, kennysheep_generic_room_7,
          uniq_grinder, uniq_edmund

Skill      XL: |  1  2  3  4  5  6 |
---------------+-------------------+-----
Armour         | 1 2 3 |  3.4
Dodging        | 3 4 |  4.4
Short Blades   | 4 |  4.0
Fighting       | 3 5 |  5.3

Action                   |  1- 3 |  4- 6 |  7- 9 || total
-------------------------+-------+-------+-------++-------
Melee: Short sword       |   139 |   215 |    26 ||   380
  Use: Scroll            |     3 |     2 |       ||     5
       Potion            |     1 |     5 |       ||     6
 Stab: Paralysed         |     1 |       |       ||     1
       Confused          |     1 |     7 |       ||     8
       Petrifying        |       |     2 |       ||     2
  Eat: Chunk             |     1 |     7 |     1 ||     9
Armor: Leather armour    |     3 |       |       ||     3
       Plate armour      |    96 |   180 |       ||   276
       Ring mail         |       |    18 |     8 ||    26
       Skin              |       |     2 |       ||     2
Dodge: Dodged            |     8 |    44 |    12 ||    64

Table legend:
 A = Spawn XP
 B = Non-spawn XP
 C = Spawn XP percentage of total XP
 D = Spawn monster count
 E = Non-spawn monster count
 F = Spawn count percentage of total count
 G = Total turns spent on level
                    A         B        C        D         E        F      G
               +---------+---------+-------+---------+---------+-------+---------
         Total |       0 |    1018 |   0.0 |       0 |      88 |   0.0 |  3113
               +---------+---------+-------+---------+---------+-------+---------
           D:1 |       0 |      64 |   0.0 |       0 |      26 |   0.0 |   989
           D:2 |       0 |      73 |   0.0 |       0 |      20 |   0.0 |   959
           D:3 |       0 |     295 |   0.0 |       0 |      30 |   0.0 |   666
           D:4 |       0 |     586 |   0.0 |       0 |      12 |   0.0 |   499
               +---------+---------+-------+---------+---------+-------+---------
